WCHLSIM.com - West Coast Hockey League
html PUBLIC "-//W3C//DTD XHTML 1.0 Transitional//EN" "http://www.w3.org/TR/xhtml1/DTD/xhtml1-transitional.dtd"> WCHL - Game 270 - KELOWNA ROCKETS vs BANFF WOLVES

KELOWNA ROCKETS vs BANFF WOLVES

Created - 13 novembre 2019 at 17:10

Goals
1 2 3 OT1 SO T
KELOWNA ROCKETS 1 0 4 0 1 6
BANFF WOLVES 2 2 1 0 0 5
Shots
1 2 3 OT1 SO T
KELOWNA ROCKETS 10 7 21 6 3 44
BANFF WOLVES 9 9 14 3 3 35

1st period

1. KELOWNA ROCKETS , Evgeny Kuznetsov 9 (Vladimir Tarasenko 11, James van Riemsdyk 4) at 5:08 (PP)
2. BANFF WOLVES , Tyler Toffoli 5 (Miro Heiskanen 1) at 7:48
3. BANFF WOLVES , Tanner Kero 1 (Jack Eichel 6) at 15:40

Penalties :
Josh Teves (BAN) for Tripping (Minor) at 3:42, Jonas Siegenthaler (KEL) for Interference (Minor) at 13:22, Nikita Zadorov (KEL) for Tripping (Minor) at 17:54

2nd period

4. BANFF WOLVES , Tyler Ennis 3 (Josh Archibald 6, John Hayden 2) at 7:08
5. BANFF WOLVES , John Hayden 2 (Josh Archibald 7, Tyler Ennis 2) at 9:42

Penalties :
Nikita Zadorov (KEL) for Interference (Minor) at 19:01

3rd period

6. KELOWNA ROCKETS , Tyler Bertuzzi 3 (James van Riemsdyk 5, Drew Doughty 15) at 3:08
7. KELOWNA ROCKETS , James van Riemsdyk 4 (Anthony Cirelli 7) at 3:48
8. BANFF WOLVES , Miles Wood 5 (Tyler Toffoli 4) at 6:30
9. KELOWNA ROCKETS , Vladimir Tarasenko 11 (Evgeny Kuznetsov 16, Alexander Ovechkin 16) at 12:41 (PP)
10. KELOWNA ROCKETS , Tyler Bertuzzi 4 (Nick Bjugstad 2, Pavel Buchnevich 4) at 18:09 (PP)

Penalties :
Markus Granlund (BAN) for Holding (Minor) at 4:18, Marcus Pettersson (KEL) for Roughing (Minor) at 7:13, Josh Teves (BAN) for Tripping (Minor) at 12:04, Riley Stillman (BAN) for Tripping (Minor) at 16:34, Dmitri Orlov (KEL) for High sticking (Minor) at 19:09

Overtime #1

No Goal

Penalties :
No Penalty

Shootout

KELOWNA ROCKETS, Vladimir Tarasenko - Shot Misses the Net
BANFF WOLVES, Mark Jankowski - Stopped by Tuukka Rask
KELOWNA ROCKETS, Alexander Ovechkin - Stopped by Pavel Francouz
BANFF WOLVES, Max McCormick - Stopped by Tuukka Rask
KELOWNA ROCKETS, Evgeny Kuznetsov - Goal!
BANFF WOLVES, Tyler Toffoli - Shot Misses the Net

Penalties :
No Penalty

Goalie Stats

Maxime Lagace (KEL), 9 saves from 13 shots - (0,692), 29:42 minutes
Tuukka Rask (KEL), 21 saves from 22 shots - (0,955), W, 11-5-0, 35:10 minutes
Pavel Francouz (BAN), 39 saves from 44 shots - (0,886), OTL, 0-9-2, 65:00 minutes

Players Stats for KELOWNA ROCKETS

Player Name              G  A  P  +/- PIM S  H  SB GA TA FO     MP     PP MP  PK MP  
------------------------------------------------------------------------------------
Alexander Ovechkin       0  1  1  -1  0   6  2  0  0  0  0/0    19:38   3:41   0:22 
Anthony Cirelli          0  1  1   1  0   7  0  0  0  0  22/33  21:44   0:00   5:48 
Chris Tanev              0  0  0  -3  0   0  0  1  0  0  0/0    22:50   0:00   5:23 
Colby Cave               0  0  0  -2  0   0  0  0  0  0  3/5     5:59   0:00   0:22 
Dmitri Orlov             0  0  0   1  2   0  3  0  0  0  0/0    21:32   1:56   3:37 
Drew Doughty             0  1  1  -1  0   2  1  4  0  0  0/0    28:23   0:00   6:08 
Evgeny Kuznetsov         1  1  2  -1  0   6  0  0  0  0  20/31  21:19   3:41   0:00 
James van Riemsdyk       1  2  3   1  0   3  0  0  0  0  0/0    18:37   3:41   0:00 
Joakim Nordstrom         0  0  0  -2  0   0  0  0  0  0  0/0     7:46   0:00   2:09 
Jonas Siegenthaler       0  0  0   1  2   0  0  2  0  0  0/0    11:32   0:00   1:47 
Jordan Eberle            0  0  0  -1  0   2  0  0  0  0  0/1    10:23   0:00   0:00 
Marcus Pettersson        0  0  0  -1  2   0  0  0  0  0  0/0    20:14   3:41   2:55 
Matthew Peca             0  0  0  -2  0   0  0  0  0  0  0/0     5:37   0:00   0:00 
Nick Bjugstad            0  1  1  -1  0   0  2  0  0  0  9/20   19:13   1:56   6:54 
Nikita Zadorov           0  0  0  -3  4   1  3  0  0  0  0/0    17:52   1:56   0:00 
Pavel Buchnevich         0  1  1  -1  0   2  0  0  0  0  0/0    12:19   1:56   0:00 
Tyler Bertuzzi           2  0  2   1  0   6  0  0  0  0  0/1    16:52   1:56   0:00 
Vladimir Tarasenko       1  1  2  -1  0   9  1  1  0  0  1/4    24:19   3:41   3:06 

Players Stats for BANFF WOLVES

Player Name              G  A  P  +/- PIM S  H  SB GA TA FO     MP     PP MP  PK MP  
------------------------------------------------------------------------------------
Alex Biega               0  0  0   0  0   0  3  0  0  0  0/0    22:54   3:27   2:56 
Craig Smith              0  0  0  -2  0   4  0  1  0  0  0/1    13:59   0:00   0:00 
Jack Eichel              0  1  1   1  0   5  0  0  0  0  1/1    12:16   0:00   0:50 
John Hayden              1  1  2   2  0   1  2  0  0  0  0/1    11:45   0:00   0:45 
Josh Archibald           0  2  2   2  0   4  1  1  0  0  5/20   15:07   3:28   0:00 
Josh Teves               0  0  0   1  4   0  3  1  0  0  0/0    19:40   4:41   1:49 
Mark Jankowski           0  0  0  -2  0   2  0  0  0  0  16/28  22:21   5:32   2:52 
Mark Letestu             0  0  0   1  0   1  2  0  0  0  7/11   11:26   0:00   0:00 
Markus Granlund          0  0  0  -2  2   1  4  0  0  0  4/10   19:30   5:32   1:38 
Max McCormick            0  0  0   2  0   0  1  0  0  0  1/8    14:07   0:38   0:00 
Miles Wood               1  0  1   2  0   3  2  0  0  0  2/2    14:47   3:14   0:00 
Miro Heiskanen           0  1  1   1  0   0  0  2  0  0  0/0    17:32   0:40   0:52 
Nikita Zaitsev           0  0  0   2  0   0  1  3  0  0  0/0    28:47   5:18   3:40 
Riley Stillman           0  0  0   3  2   0  1  0  0  0  0/0    16:25   0:00   0:12 
Tanner Kero              1  0  1   1  0   1  1  0  0  0  1/1    11:26   0:00   0:00 
Taylor Fedun             0  0  0  -1  0   1  0  1  0  0  0/0    20:48   3:26   1:45 
Tyler Ennis              1  1  2   2  0   5  1  1  0  0  1/6    18:49   4:40   3:09 
Tyler Toffoli            1  1  2   2  0   7  0  3  0  0  2/6    18:49   3:14   2:00 

3 Stars

1 - Tyler Bertuzzi (KEL)
2 - James van Riemsdyk (KEL)
3 - John Hayden (BAN)

Power Play

KELOWNA ROCKETS - 3 on 4 Attempt(s) - 75,00%
BANFF WOLVES - 0 on 5 Attempt(s) - 0,00%

Penalty Kill

KELOWNA ROCKETS - 5 on 5 Attempt(s) - 100,00% - Score 0 goal in Penalty Kill
BANFF WOLVES - 1 on 4 Attempt(s) - 25,00% - Score 0 goal in Penalty Kill

Team Stat

KELOWNA ROCKETS - Hits : 12 - Faceoff Wins : 55 - Blocked Shots : 8 - Penalty Minutes : 10
BANFF WOLVES - Hits : 22 - Faceoff Wins : 40 - Blocked Shots : 13 - Penalty Minutes : 8

Official

Referees : Eric Furlatt and Darcy Burchell
Linesman : Shandor Alphonso and Don Henderson

Game Notes

Tuukka Rask enters game at 9:42 of 2nd period

Finance

Level 1 -- Attendance: 4517 (64,07%) -- Ticket Income 632 380 $
Level 2 -- Attendance: 3744 (62,86%) -- Ticket Income 355 680 $
Level 3 -- Attendance: 1833 (78,33%) -- Ticket Income 119 145 $
Level 4 -- Attendance: 2763 (55,26%) -- Ticket Income 138 150 $
Luxury Box -- Attendance: 687 (64,51%) -- Ticket Income 206 100 $
Game was played at the Rocky Mountains Sports Complex.
Total Attendance: 13544 (63,26%)
Total Ticket Income: 1 451 455 $
Other Income: 435 436 $
Total Income: 1 886 891 $

KELOWNA ROCKETS

5 vs 5 Forward 
   Center                   Left Wing                Right Wing               Time % Phy DF OF 
 1 Evgeny Kuznetsov         Alexander Ovechkin       Vladimir Tarasenko       35     0   1  4  
 2 Anthony Cirelli          James van Riemsdyk       Tyler Bertuzzi           35     0   1  4  
 3 Nick Bjugstad            Pavel Buchnevich         Jordan Eberle            23     0   3  2  
 4 Colby Cave               Joakim Nordstrom         Matthew Peca             7      0   3  2  

5 vs 5 Defense 
   Defense                  Defense                                           Time % Phy DF OF 
 1 Drew Doughty             Marcus Pettersson                                 36     1   3  1  
 2 Chris Tanev              Nikita Zadorov                                    28     1   3  1  
 3 Dmitri Orlov             Jonas Siegenthaler                                20     1   4  0  
 4 Dmitri Orlov             Drew Doughty                                      16     0   3  2  

PowerPlay Forward 
   Center                   Left Wing                Right Wing               Time % Phy DF OF 
 1 Evgeny Kuznetsov         James van Riemsdyk       Vladimir Tarasenko       75     1   0  4  
 2 Nick Bjugstad            Tyler Bertuzzi           Pavel Buchnevich         25     1   0  4  

PowerPlay Defense
   Defense                  Defense                                           Time % Phy DF OF 
 1 Marcus Pettersson        Alexander Ovechkin                                75     0   1  4  
 2 Nikita Zadorov           Dmitri Orlov                                      25     0   1  4  

Penalty Kill 4 Players Forward 
   Center                   Wing                     Time % Phy DF OF 
 1 Anthony Cirelli          Nick Bjugstad            55     1   4  0  
 2 Nick Bjugstad            Vladimir Tarasenko       45     1   4  0  

Penalty Kill 4 Players Defense
   Defense                  Defense                  Time % Phy DF OF 
 1 Chris Tanev              Drew Doughty             55     1   4  0  
 2 Marcus Pettersson        Dmitri Orlov             45     1   4  0  

Penalty Kill - 3 Players Forward 
   Forward                                           Time % Phy DF OF 
 1 Anthony Cirelli                                   55     0   5  0  
 2 Vladimir Tarasenko                                45     0   5  0  

Penalty Kill - 3 Players Defense
   Defense                  Defense                  Time % Phy DF OF 
 1 Drew Doughty             Chris Tanev              55     1   4  0  
 2 Marcus Pettersson        Dmitri Orlov             45     1   4  0  

4 vs 4 Forward 
   Center                   Wing                     Time % Phy DF OF 
 1 Anthony Cirelli          Vladimir Tarasenko       50     0   2  3  
 2 Evgeny Kuznetsov         Alexander Ovechkin       50     0   2  3  

4 vs 4 Defense
   Defense                  Defense                  Time % Phy DF OF 
 1 Drew Doughty             Chris Tanev              50     1   2  2  
 2 Dmitri Orlov             Jonas Siegenthaler       50     1   2  2  

Last Minutes Offensive
   Center                   Left Wing                Right Wing               Defense                  Defense                  
   Evgeny Kuznetsov         Alexander Ovechkin       Vladimir Tarasenko       Drew Doughty             Dmitri Orlov             

Last Minutes Defensive
   Center                   Left Wing                Right Wing               Defense                  Defense                  
   Anthony Cirelli          Alexander Ovechkin       Vladimir Tarasenko       Drew Doughty             Chris Tanev              

Goaltenders
Starting : Maxime Lagace            
Backup : Tuukka Rask              

Extra Forwards
Normal : Alexander Ovechkin, Vladimir Tarasenko, Anthony Cirelli - PP : Anthony Cirelli, Nick Bjugstad - PK : Joakim Nordstrom
Extra Defensemen
Normal : Chris Tanev, Marcus Pettersson, Dmitri Orlov - PP : Jonas Siegenthaler - PK : Marcus Pettersson, Jonas Siegenthaler
Penalty Shots
Vladimir Tarasenko, Alexander Ovechkin, Evgeny Kuznetsov, James van Riemsdyk, Pavel Buchnevich
Custom OT Lines Forwards
Evgeny Kuznetsov, Vladimir Tarasenko, Anthony Cirelli, Alexander Ovechkin, Nick Bjugstad, James van Riemsdyk, Tyler Bertuzzi, Pavel Buchnevich, Matthew Peca, Jordan Eberle
Custom OT Lines Defensemen
Drew Doughty, Chris Tanev, Dmitri Orlov, Marcus Pettersson, Jonas Siegenthaler

Scratches
Auston Matthews (Fractured Metatarsal (Right Foot) Injury), Duncan Siemens (Healthy), Zack Mitchell (Healthy)

BANFF WOLVES

5 vs 5 Forward 
   Center                   Left Wing                Right Wing               Time % Phy DF OF 
 1 Mark Jankowski           Markus Granlund          Craig Smith              26     1   2  2  
 2 Max McCormick            Miles Wood               Tyler Toffoli            25     1   2  2  
 3 Josh Archibald           Tyler Ennis              John Hayden              25     1   2  2  
 4 Mark Letestu             Tanner Kero              Jack Eichel              24     1   2  2  

5 vs 5 Defense 
   Defense                  Defense                                           Time % Phy DF OF 
 1 Nikita Zaitsev           Riley Stillman                                    36     1   2  2  
 2 Alex Biega               Taylor Fedun                                      31     1   2  2  
 3 Josh Teves               Miro Heiskanen                                    23     1   2  2  
 4 Nikita Zaitsev           Miro Heiskanen                                    10     1   2  2  

PowerPlay Forward 
   Center                   Left Wing                Right Wing               Time % Phy DF OF 
 1 Mark Jankowski           Markus Granlund          Tyler Ennis              55     1   2  2  
 2 Josh Archibald           Miles Wood               Tyler Toffoli            45     1   2  2  

PowerPlay Defense
   Defense                  Defense                                           Time % Phy DF OF 
 1 Nikita Zaitsev           Josh Teves                                        55     1   2  2  
 2 Alex Biega               Taylor Fedun                                      45     1   2  2  

Penalty Kill 4 Players Forward 
   Center                   Wing                     Time % Phy DF OF 
 1 Markus Granlund          Mark Jankowski           55     1   2  2  
 2 Tyler Toffoli            Tyler Ennis              45     1   2  2  

Penalty Kill 4 Players Defense
   Defense                  Defense                  Time % Phy DF OF 
 1 Josh Teves               Nikita Zaitsev           55     1   2  2  
 2 Alex Biega               Taylor Fedun             45     1   2  2  

Penalty Kill - 3 Players Forward 
   Forward                                           Time % Phy DF OF 
 1 Tyler Toffoli                                     55     1   2  2  
 2 Markus Granlund                                   45     1   2  2  

Penalty Kill - 3 Players Defense
   Defense                  Defense                  Time % Phy DF OF 
 1 Nikita Zaitsev           Josh Teves               55     1   2  2  
 2 Alex Biega               Taylor Fedun             45     1   2  2  

4 vs 4 Forward 
   Center                   Wing                     Time % Phy DF OF 
 1 Markus Granlund          Josh Archibald           55     1   2  2  
 2 Tyler Toffoli            Max McCormick            45     1   2  2  

4 vs 4 Defense
   Defense                  Defense                  Time % Phy DF OF 
 1 Josh Teves               Nikita Zaitsev           55     1   2  2  
 2 Alex Biega               Taylor Fedun             45     1   2  2  

Last Minutes Offensive
   Center                   Left Wing                Right Wing               Defense                  Defense                  
   Mark Jankowski           Markus Granlund          Craig Smith              Nikita Zaitsev           Riley Stillman           

Last Minutes Defensive
   Center                   Left Wing                Right Wing               Defense                  Defense                  
   Mark Jankowski           Markus Granlund          Craig Smith              Nikita Zaitsev           Riley Stillman           

Goaltenders
Starting : Pavel Francouz           
Backup : Mikko Koskinen           

Extra Forwards
Normal : Max McCormick, Josh Archibald, Tyler Ennis - PP : Max McCormick, Josh Archibald - PK : Tyler Ennis
Extra Defensemen
Normal : Josh Teves, Nikita Zaitsev, Alex Biega - PP : Josh Teves - PK : Josh Teves, Alex Biega
Penalty Shots
Mark Jankowski, Max McCormick, Tyler Toffoli, Josh Archibald, Markus Granlund
Custom OT Lines Forwards
Mark Jankowski, Craig Smith, Tyler Toffoli, Max McCormick, Markus Granlund, Josh Archibald, Miles Wood, Tyler Ennis, Mark Letestu, Tanner Kero
Custom OT Lines Defensemen
Riley Stillman, Nikita Zaitsev, Alex Biega, Taylor Fedun, Josh Teves

Scratches
Devante Smith-Pelly (Healthy), Gemel Smith (Healthy), James de Haas (Healthy), Kevan Miller (Healthy), Michael Stone (Left Hip Injury)

% Time on Ice - KELOWNA ROCKETS

Lines # - Real PCT - Wanted PCT - Time Play
Normal Forward
1 - 32% - 35% - 14:41
2 - 33% - 35% - 14:56
3 - 23% - 23% - 10:23
4 - 12% - 7% - 5:37
Normal Defense
1 - 31% - 36% - 14:03
2 - 34% - 28% - 15:34
3 - 21% - 20% - 9:46
4 - 14% - 16% - 6:14
PP Forward
1 - 66% - 75% - 3:41
2 - 34% - 25% - 1:56
PP Defense
1 - 66% - 75% - 3:41
2 - 34% - 25% - 1:56
PK Forward
1 - 70% - 55% - 6:07
2 - 30% - 45% - 2:39
PK Defense
1 - 59% - 55% - 5:09
2 - 41% - 45% - 3:37
PK3 Forward
1 - 61% - 55% - 0:42
2 - 39% - 45% - 0:27
PK3 Defense
1 - 61% - 55% - 0:42
2 - 39% - 45% - 0:27
44 Forward
1 - 0% - 50%
2 - 0% - 50%
44 Defense
1 - 0% - 50%
2 - 0% - 50%
Last Minute Offensive  - 0:00
Last Minute Defensive  - 0:00
Total
Forward - 61:09
Defense - 61:09

% Time on Ice - BANFF WOLVES

Lines # - Real PCT - Wanted PCT - Time Play
Normal Forward
1 - 26% - 26% - 11:38
2 - 25% - 25% - 11:33
3 - 24% - 25% - 11:00
4 - 25% - 24% - 11:26
Normal Defense
1 - 32% - 36% - 14:25
2 - 33% - 31% - 15:07
3 - 28% - 23% - 12:33
4 - 8% - 10% - 3:32
PP Forward
1 - 63% - 55% - 5:32
2 - 37% - 45% - 3:14
PP Defense
1 - 60% - 55% - 5:18
2 - 40% - 45% - 3:28
PK Forward
1 - 64% - 55% - 3:37
2 - 36% - 45% - 2:00
PK Defense
1 - 69% - 55% - 3:52
2 - 31% - 45% - 1:45
PK3 Forward
1 - 0% - 55%
2 - 0% - 45%
PK3 Defense
1 - 0% - 55%
2 - 0% - 45%
44 Forward
1 - 57% - 55% - 0:39
2 - 43% - 45% - 0:30
44 Defense
1 - 57% - 55% - 0:39
2 - 43% - 45% - 0:30
Last Minute Offensive  - 0:00
Last Minute Defensive  - 0:00
Total
Forward - 61:09
Defense - 61:09

Play-by-Play

1st period


0:01 of 1st period - Evgeny Kuznetsov wins face-off versus Mark Jankowski in neutral zone.
0:16 of 1st period - Shot by Craig Smith.
0:16 of 1st period - Stopped by Maxime Lagace without a rebound.
0:17 of 1st period - Anthony Cirelli wins face-off versus Max McCormick in KELOWNA ROCKETS zone.
0:29 of 1st period - Tyler Toffoli is hit by Nikita Zadorov and loses puck.
0:32 of 1st period - Shot by Tyler Toffoli.
0:32 of 1st period - Shot Misses the Net.
0:34 of 1st period - Shot by Taylor Fedun.
0:34 of 1st period - Stopped by Maxime Lagace with a rebound.
0:43 of 1st period - Tyler Toffoli is hit by Nikita Zadorov and loses puck.
0:57 of 1st period - Off-side.
0:58 of 1st period - Josh Archibald wins face-off versus Nick Bjugstad in neutral zone.
1:14 of 1st period - Josh Archibald is hit by Dmitri Orlov.
1:16 of 1st period - Shot by Tyler Ennis.
1:16 of 1st period - Deflect By Josh Archibald.
1:16 of 1st period - Stopped by Maxime Lagace with a rebound.
1:33 of 1st period - Shot by Tyler Ennis.
1:33 of 1st period - Shot Misses the Net.
2:20 of 1st period - Shot by Alexander Ovechkin.
2:20 of 1st period - Stopped by Pavel Francouz without a rebound.
2:21 of 1st period - Mark Jankowski wins face-off versus Colby Cave in BANFF WOLVES zone.
3:38 of 1st period - Tyler Bertuzzi is hit by Josh Teves and loses puck.
3:42 of 1st period - Minor Penalty to Josh Teves for Tripping.
3:43 of 1st period - Evgeny Kuznetsov wins face-off versus Markus Granlund in BANFF WOLVES zone.
4:16 of 1st period - Shot by Evgeny Kuznetsov.
4:16 of 1st period - Stopped by Pavel Francouz without a rebound.
4:17 of 1st period - Nick Bjugstad wins face-off versus Tyler Toffoli in BANFF WOLVES zone.
4:51 of 1st period - Icing by Nikita Zadorov.
4:52 of 1st period - Nick Bjugstad wins face-off versus Markus Granlund in KELOWNA ROCKETS zone.
4:52 of 1st period - Nick Bjugstad is hit by Markus Granlund.
5:00 of 1st period - Shot by Nick Bjugstad.
5:00 of 1st period - Deflect By Pavel Buchnevich.
5:00 of 1st period - Stopped by Pavel Francouz without a rebound.
5:01 of 1st period - Evgeny Kuznetsov wins face-off versus Markus Granlund in BANFF WOLVES zone.
5:08 of 1st period - Shot by Evgeny Kuznetsov.
5:08 of 1st period - Goal by Evgeny Kuznetsov - KELOWNA ROCKETS : 1 - BANFF WOLVES : 0.
5:09 of 1st period - Tanner Kero wins face-off versus Evgeny Kuznetsov in neutral zone.
5:40 of 1st period - Shot by Mark Letestu.
5:40 of 1st period - Stopped by Maxime Lagace without a rebound.
5:41 of 1st period - Josh Archibald wins face-off versus Anthony Cirelli in KELOWNA ROCKETS zone.
6:01 of 1st period - Shot by James van Riemsdyk.
6:01 of 1st period - Shot Blocked by Nikita Zaitsev.
6:03 of 1st period - Shot by Anthony Cirelli.
6:03 of 1st period - Shot Misses the Net.
6:05 of 1st period - Shot by Tyler Bertuzzi.
6:05 of 1st period - Stopped by Pavel Francouz with a rebound.
6:07 of 1st period - Shot by Anthony Cirelli.
6:07 of 1st period - Deflect By Tyler Bertuzzi.
6:07 of 1st period - Shot Blocked by Tyler Ennis.
7:18 of 1st period - Nikita Zadorov is hit by Alex Biega and loses puck.
7:29 of 1st period - Vladimir Tarasenko is hit by Max McCormick and loses puck.
7:48 of 1st period - Shot by Tyler Toffoli.
7:48 of 1st period - Goal by Tyler Toffoli - KELOWNA ROCKETS : 1 - BANFF WOLVES : 1.
7:49 of 1st period - Mark Letestu wins face-off versus Nick Bjugstad in neutral zone.
8:47 of 1st period - Icing by Jonas Siegenthaler.
8:48 of 1st period - Anthony Cirelli wins face-off versus Max McCormick in KELOWNA ROCKETS zone.
9:01 of 1st period - Shot by Tyler Bertuzzi.
9:01 of 1st period - Shot Blocked by Tyler Toffoli.
9:03 of 1st period - Shot by Anthony Cirelli.
9:03 of 1st period - Stopped by Pavel Francouz with a rebound.
9:09 of 1st period - Shot by James van Riemsdyk.
9:09 of 1st period - Stopped by Pavel Francouz with a rebound.
9:11 of 1st period - Shot by Anthony Cirelli.
9:11 of 1st period - Shot Hit the Post.
9:13 of 1st period - Shot by Anthony Cirelli.
9:13 of 1st period - Shot Misses the Net.
9:15 of 1st period - Shot by Tyler Bertuzzi.
9:15 of 1st period - Stopped by Pavel Francouz without a rebound.
9:16 of 1st period - Evgeny Kuznetsov wins face-off versus John Hayden in BANFF WOLVES zone.
9:20 of 1st period - Vladimir Tarasenko is hit by Josh Teves and loses puck.
10:16 of 1st period - Shot by Jordan Eberle.
10:16 of 1st period - Shot Blocked by Miro Heiskanen.
10:18 of 1st period - Shot by Drew Doughty.
10:18 of 1st period - Stopped by Pavel Francouz with a rebound.
10:26 of 1st period - Shot by Jordan Eberle.
10:26 of 1st period - Shot Blocked by Josh Archibald.
11:30 of 1st period - Shot by Craig Smith.
11:30 of 1st period - Shot Blocked by Jonas Siegenthaler.
11:34 of 1st period - Shot by Craig Smith.
11:34 of 1st period - Stopped by Maxime Lagace without a rebound.
11:35 of 1st period - Evgeny Kuznetsov wins face-off versus Max McCormick in KELOWNA ROCKETS zone.
11:35 of 1st period - Evgeny Kuznetsov is hit by Miles Wood.
12:39 of 1st period - Shot by James van Riemsdyk.
12:39 of 1st period - Shot Misses the Net.
13:01 of 1st period - Shot by Anthony Cirelli.
13:01 of 1st period - Shot Misses the Net.
13:22 of 1st period - Minor Penalty to Jonas Siegenthaler for Interference.
13:23 of 1st period - Markus Granlund wins face-off versus Nick Bjugstad in KELOWNA ROCKETS zone.
13:36 of 1st period - Shot by Markus Granlund.
13:36 of 1st period - Deflect By Josh Archibald.
13:36 of 1st period - Stopped by Maxime Lagace without a rebound.
13:37 of 1st period - Anthony Cirelli wins face-off versus Mark Jankowski in KELOWNA ROCKETS zone.
15:07 of 1st period - Chris Tanev is hit by Markus Granlund and loses puck.
15:23 of 1st period - Icing by Dmitri Orlov.
15:24 of 1st period - Mark Letestu wins face-off versus Evgeny Kuznetsov in KELOWNA ROCKETS zone.
15:29 of 1st period - Shot by Jack Eichel.
15:29 of 1st period - Stopped by Maxime Lagace without a rebound.
15:30 of 1st period - Colby Cave wins face-off versus Mark Letestu in KELOWNA ROCKETS zone.
15:40 of 1st period - Shot by Tanner Kero.
15:40 of 1st period - Goal by Tanner Kero - KELOWNA ROCKETS : 1 - BANFF WOLVES : 2.
15:41 of 1st period - Mark Letestu wins face-off versus Evgeny Kuznetsov in neutral zone.
15:48 of 1st period - Shot by Jack Eichel.
15:48 of 1st period - Shot Misses the Net.
15:51 of 1st period - Icing by Vladimir Tarasenko.
15:52 of 1st period - Evgeny Kuznetsov wins face-off versus Josh Archibald in KELOWNA ROCKETS zone.
15:59 of 1st period - Icing by Taylor Fedun.
16:00 of 1st period - Anthony Cirelli wins face-off versus Tyler Ennis in BANFF WOLVES zone.
16:05 of 1st period - Shot by James van Riemsdyk.
16:05 of 1st period - Shot Misses the Net.
16:07 of 1st period - Shot by Anthony Cirelli.
16:07 of 1st period - Stopped by Pavel Francouz without a rebound.
16:08 of 1st period - Mark Jankowski wins face-off versus Anthony Cirelli in BANFF WOLVES zone.
17:02 of 1st period - Icing by Taylor Fedun.
17:03 of 1st period - Evgeny Kuznetsov wins face-off versus Max McCormick in BANFF WOLVES zone.
17:10 of 1st period - Shot by Alexander Ovechkin.
17:10 of 1st period - Shot Misses the Net.
17:25 of 1st period - Shot by Miles Wood.
17:25 of 1st period - Shot Misses the Net.
17:27 of 1st period - Shot by Tyler Toffoli.
17:27 of 1st period - Shot Misses the Net.
17:38 of 1st period - Tyler Toffoli is hit by Nikita Zadorov and loses puck.
17:54 of 1st period - Minor Penalty to Nikita Zadorov for Tripping.
17:55 of 1st period - Anthony Cirelli wins face-off versus Mark Jankowski in KELOWNA ROCKETS zone.
18:15 of 1st period - Mark Jankowski is hit by Dmitri Orlov.
18:31 of 1st period - Shot by Markus Granlund.
18:31 of 1st period - Shot Misses the Net.
19:17 of 1st period - Off-side.
19:18 of 1st period - Mark Jankowski wins face-off versus Anthony Cirelli in neutral zone.
19:39 of 1st period - Shot by Mark Jankowski.
19:39 of 1st period - Shot Misses the Net.
Goals for this period are 1 for KELOWNA ROCKETS vs 2 for BANFF WOLVES.
Shots for this period are 10 for KELOWNA ROCKETS vs 9 for BANFF WOLVES.

2nd period


0:01 of 2nd period - Mark Jankowski wins face-off versus Tyler Bertuzzi in neutral zone.
0:38 of 2nd period - Shot by Tyler Bertuzzi.
0:38 of 2nd period - Shot Blocked by Craig Smith.
0:40 of 2nd period - Shot by Tyler Bertuzzi.
0:40 of 2nd period - Shot Blocked by Nikita Zaitsev.
0:42 of 2nd period - Shot by Anthony Cirelli.
0:42 of 2nd period - Stopped by Pavel Francouz without a rebound.
0:43 of 2nd period - Nick Bjugstad wins face-off versus Josh Archibald in BANFF WOLVES zone.
0:56 of 2nd period - Shot by Tyler Ennis.
0:56 of 2nd period - Stopped by Maxime Lagace without a rebound.
0:57 of 2nd period - Mark Letestu wins face-off versus Vladimir Tarasenko in KELOWNA ROCKETS zone.
0:58 of 2nd period - Shot by Jack Eichel.
0:58 of 2nd period - Stopped by Maxime Lagace with a rebound.
1:08 of 2nd period - Shot by Alexander Ovechkin.
1:08 of 2nd period - Shot Misses the Net.
2:20 of 2nd period - Shot by Jordan Eberle.
2:20 of 2nd period - Shot Misses the Net.
2:28 of 2nd period - Shot by Pavel Buchnevich.
2:28 of 2nd period - Shot Misses the Net.
3:26 of 2nd period - Shot by Craig Smith.
3:26 of 2nd period - Shot Misses the Net.
3:56 of 2nd period - Shot by Vladimir Tarasenko.
3:56 of 2nd period - Shot Misses the Net.
3:58 of 2nd period - Shot by Alexander Ovechkin.
3:58 of 2nd period - Shot Blocked by Tyler Toffoli.
4:10 of 2nd period - Shot by Vladimir Tarasenko.
4:10 of 2nd period - Shot Blocked by Tyler Toffoli.
4:12 of 2nd period - Shot by Alexander Ovechkin.
4:12 of 2nd period - Stopped by Pavel Francouz with a rebound.
4:14 of 2nd period - Shot by Vladimir Tarasenko.
4:14 of 2nd period - Shot Misses the Net.
4:18 of 2nd period - Shot by Vladimir Tarasenko.
4:18 of 2nd period - Shot Misses the Net.
4:20 of 2nd period - Shot by Jonas Siegenthaler.
4:20 of 2nd period - Deflect By Alexander Ovechkin.
4:20 of 2nd period - Shot Misses the Net.
4:39 of 2nd period - Icing by Drew Doughty.
4:40 of 2nd period - Colby Cave wins face-off versus Mark Letestu in KELOWNA ROCKETS zone.
4:40 of 2nd period - Colby Cave is hit by Tanner Kero.
4:46 of 2nd period - Shot by Joakim Nordstrom.
4:46 of 2nd period - Shot Misses the Net.
4:48 of 2nd period - Shot by Drew Doughty.
4:48 of 2nd period - Stopped by Pavel Francouz without a rebound.
4:49 of 2nd period - Mark Jankowski wins face-off versus Nick Bjugstad in BANFF WOLVES zone.
4:49 of 2nd period - Mark Jankowski is hit by Nick Bjugstad.
4:54 of 2nd period - Off-side.
4:55 of 2nd period - Mark Jankowski wins face-off versus Nick Bjugstad in neutral zone.
7:04 of 2nd period - Shot by John Hayden.
7:04 of 2nd period - Shot Misses the Net.
7:08 of 2nd period - Shot by Tyler Ennis.
7:08 of 2nd period - Goal by Tyler Ennis - KELOWNA ROCKETS : 1 - BANFF WOLVES : 3.
7:09 of 2nd period - Nick Bjugstad wins face-off versus Tyler Toffoli in neutral zone.
8:08 of 2nd period - Shot by James van Riemsdyk.
8:08 of 2nd period - Shot Misses the Net.
8:10 of 2nd period - Shot by Chris Tanev.
8:10 of 2nd period - Shot Blocked by Nikita Zaitsev.
8:12 of 2nd period - Shot by Tyler Bertuzzi.
8:12 of 2nd period - Stopped by Pavel Francouz without a rebound.
8:13 of 2nd period - Mark Jankowski wins face-off versus Evgeny Kuznetsov in BANFF WOLVES zone.
8:13 of 2nd period - Mark Jankowski is hit by Alexander Ovechkin.
8:21 of 2nd period - Marcus Pettersson is hit by Markus Granlund and loses puck.
8:38 of 2nd period - Icing by Alex Biega.
8:39 of 2nd period - Mark Jankowski wins face-off versus Anthony Cirelli in BANFF WOLVES zone.
9:42 of 2nd period - Shot by John Hayden.
9:42 of 2nd period - Goal by John Hayden - KELOWNA ROCKETS : 1 - BANFF WOLVES : 4.
9:42 of 2nd period - Tuukka Rask enters game.
9:43 of 2nd period - Mark Letestu wins face-off versus Evgeny Kuznetsov in neutral zone.
9:48 of 2nd period - Shot by Jack Eichel.
9:48 of 2nd period - Shot Blocked by Drew Doughty.
9:56 of 2nd period - Shot by Jack Eichel.
9:56 of 2nd period - Stopped by Tuukka Rask without a rebound.
9:57 of 2nd period - Miles Wood wins face-off versus Nick Bjugstad in KELOWNA ROCKETS zone.
10:03 of 2nd period - Icing by Dmitri Orlov.
10:04 of 2nd period - Mark Letestu wins face-off versus Jordan Eberle in KELOWNA ROCKETS zone.
10:09 of 2nd period - Shot by Jack Eichel.
10:09 of 2nd period - Shot Misses the Net.
10:43 of 2nd period - Shot by Mark Letestu.
10:43 of 2nd period - Shot Blocked by Jonas Siegenthaler.
10:48 of 2nd period - Jordan Eberle is hit by Josh Teves and loses puck.
11:16 of 2nd period - Off-side.
11:17 of 2nd period - Anthony Cirelli wins face-off versus Josh Archibald in neutral zone.
12:30 of 2nd period - Tyler Toffoli is hit by Drew Doughty and loses puck.
12:48 of 2nd period - Off-side.
12:49 of 2nd period - Colby Cave wins face-off versus Mark Jankowski in neutral zone.
13:44 of 2nd period - Anthony Cirelli is hit by Mark Letestu and loses puck.
13:50 of 2nd period - Off-side.
13:51 of 2nd period - Evgeny Kuznetsov wins face-off versus Max McCormick in neutral zone.
14:02 of 2nd period - Shot by Evgeny Kuznetsov.
14:02 of 2nd period - Stopped by Pavel Francouz without a rebound.
14:03 of 2nd period - Anthony Cirelli wins face-off versus Josh Archibald in BANFF WOLVES zone.
14:16 of 2nd period - Shot by James van Riemsdyk.
14:16 of 2nd period - Stopped by Pavel Francouz with a rebound.
14:46 of 2nd period - Shot by Anthony Cirelli.
14:46 of 2nd period - Shot Misses the Net.
15:27 of 2nd period - Shot by Miles Wood.
15:27 of 2nd period - Stopped by Tuukka Rask without a rebound.
15:28 of 2nd period - Nick Bjugstad wins face-off versus Mark Jankowski in KELOWNA ROCKETS zone.
15:28 of 2nd period - Nick Bjugstad is hit by Markus Granlund.
15:45 of 2nd period - Shot by Craig Smith.
15:45 of 2nd period - Stopped by Tuukka Rask with a rebound.
15:56 of 2nd period - Nick Bjugstad is hit by Riley Stillman and loses puck.
17:44 of 2nd period - Icing by Chris Tanev.
17:45 of 2nd period - Josh Archibald wins face-off versus Evgeny Kuznetsov in KELOWNA ROCKETS zone.
17:48 of 2nd period - Shot by Tyler Ennis.
17:48 of 2nd period - Stopped by Tuukka Rask without a rebound.
17:49 of 2nd period - Anthony Cirelli wins face-off versus Josh Archibald in KELOWNA ROCKETS zone.
18:55 of 2nd period - Shot by Vladimir Tarasenko.
18:55 of 2nd period - Stopped by Pavel Francouz without a rebound.
18:56 of 2nd period - Mark Jankowski wins face-off versus Evgeny Kuznetsov in BANFF WOLVES zone.
18:56 of 2nd period - Mark Jankowski is hit by Alexander Ovechkin.
19:01 of 2nd period - Minor Penalty to Nikita Zadorov for Interference.
19:02 of 2nd period - Nick Bjugstad wins face-off versus Josh Archibald in KELOWNA ROCKETS zone.
19:15 of 2nd period - Shot by Josh Archibald.
19:15 of 2nd period - Deflect By Tyler Toffoli.
19:15 of 2nd period - Stopped by Tuukka Rask without a rebound.
19:16 of 2nd period - Mark Jankowski wins face-off versus Nick Bjugstad in KELOWNA ROCKETS zone.
Goals for this period are 0 for KELOWNA ROCKETS vs 2 for BANFF WOLVES.
Shots for this period are 7 for KELOWNA ROCKETS vs 9 for BANFF WOLVES.

3rd period


0:01 of 3rd period - Anthony Cirelli wins face-off versus Mark Jankowski in neutral zone.
0:07 of 3rd period - Icing by Nikita Zaitsev.
0:08 of 3rd period - Anthony Cirelli wins face-off versus Mark Jankowski in BANFF WOLVES zone.
0:11 of 3rd period - Shot by Anthony Cirelli.
0:11 of 3rd period - Shot Blocked by Josh Teves.
0:19 of 3rd period - Chris Tanev is hit by Tyler Ennis.
0:38 of 3rd period - Icing by Mark Jankowski.
0:39 of 3rd period - Anthony Cirelli wins face-off versus Mark Jankowski in BANFF WOLVES zone.
0:48 of 3rd period - Shot by Mark Jankowski.
0:48 of 3rd period - Stopped by Tuukka Rask without a rebound.
0:49 of 3rd period - Anthony Cirelli wins face-off versus Josh Archibald in KELOWNA ROCKETS zone.
1:53 of 3rd period - Chris Tanev is hit by Alex Biega and loses puck.
2:41 of 3rd period - Shot by Vladimir Tarasenko.
2:41 of 3rd period - Stopped by Pavel Francouz without a rebound.
2:42 of 3rd period - Mark Jankowski wins face-off versus Anthony Cirelli in BANFF WOLVES zone.
2:46 of 3rd period - Icing by Craig Smith.
2:47 of 3rd period - Mark Jankowski wins face-off versus Anthony Cirelli in BANFF WOLVES zone.
2:51 of 3rd period - Craig Smith is hit by Dmitri Orlov and loses puck.
3:08 of 3rd period - Shot by Tyler Bertuzzi.
3:08 of 3rd period - Goal by Tyler Bertuzzi - KELOWNA ROCKETS : 2 - BANFF WOLVES : 4.
3:09 of 3rd period - Evgeny Kuznetsov wins face-off versus Josh Archibald in neutral zone.
3:12 of 3rd period - Shot by Vladimir Tarasenko.
3:12 of 3rd period - Shot Misses the Net.
3:44 of 3rd period - Shot by Vladimir Tarasenko.
3:44 of 3rd period - Stopped by Pavel Francouz without a rebound.
3:45 of 3rd period - Anthony Cirelli wins face-off versus Markus Granlund in BANFF WOLVES zone.
3:46 of 3rd period - Shot by James van Riemsdyk.
3:46 of 3rd period - Shot Misses the Net.
3:48 of 3rd period - Shot by Anthony Cirelli.
3:48 of 3rd period - Deflect By James van Riemsdyk.
3:48 of 3rd period - Goal by James van Riemsdyk - KELOWNA ROCKETS : 3 - BANFF WOLVES : 4.
3:49 of 3rd period - Mark Jankowski wins face-off versus Anthony Cirelli in neutral zone.
4:18 of 3rd period - Minor Penalty to Markus Granlund for Holding.
4:19 of 3rd period - Evgeny Kuznetsov wins face-off versus Tyler Ennis in BANFF WOLVES zone.
4:28 of 3rd period - Shot by Alexander Ovechkin.
4:28 of 3rd period - Stopped by Pavel Francouz without a rebound.
4:29 of 3rd period - Evgeny Kuznetsov wins face-off versus Tyler Ennis in BANFF WOLVES zone.
4:30 of 3rd period - Shot by Alexander Ovechkin.
4:30 of 3rd period - Stopped by Pavel Francouz without a rebound.
4:31 of 3rd period - Tyler Ennis wins face-off versus Vladimir Tarasenko in BANFF WOLVES zone.
4:48 of 3rd period - Icing by Alexander Ovechkin.
4:49 of 3rd period - Evgeny Kuznetsov wins face-off versus Tyler Ennis in KELOWNA ROCKETS zone.
5:10 of 3rd period - Shot by Alexander Ovechkin.
5:10 of 3rd period - Shot Misses the Net.
5:59 of 3rd period - Shot by Nick Bjugstad.
5:59 of 3rd period - Deflect By Pavel Buchnevich.
5:59 of 3rd period - Stopped by Pavel Francouz without a rebound.
6:00 of 3rd period - Evgeny Kuznetsov wins face-off versus Tyler Ennis in BANFF WOLVES zone.
6:01 of 3rd period - Shot by Vladimir Tarasenko.
6:01 of 3rd period - Stopped by Pavel Francouz with a rebound.
6:09 of 3rd period - Shot by Alexander Ovechkin.
6:09 of 3rd period - Stopped by Pavel Francouz with a rebound.
6:11 of 3rd period - Shot by Vladimir Tarasenko.
6:11 of 3rd period - Stopped by Pavel Francouz without a rebound.
6:12 of 3rd period - Jack Eichel wins face-off versus Nick Bjugstad in BANFF WOLVES zone.
6:12 of 3rd period - Jack Eichel is hit by Nick Bjugstad.
6:24 of 3rd period - Shot by Tyler Toffoli.
6:24 of 3rd period - Shot Hit the Post.
6:26 of 3rd period - Shot by Tyler Toffoli.
6:26 of 3rd period - Shot Misses the Net.
6:28 of 3rd period - Shot by Tyler Toffoli.
6:28 of 3rd period - Stopped by Tuukka Rask with a rebound.
6:30 of 3rd period - Shot by Tyler Toffoli.
6:30 of 3rd period - Deflect By Miles Wood.
6:30 of 3rd period - Goal by Miles Wood - KELOWNA ROCKETS : 3 - BANFF WOLVES : 5.
6:31 of 3rd period - Nick Bjugstad wins face-off versus Mark Letestu in neutral zone.
6:59 of 3rd period - Nikita Zadorov is hit by Mark Letestu and loses puck.
7:06 of 3rd period - Shot by Jack Eichel.
7:06 of 3rd period - Stopped by Tuukka Rask without a rebound.
7:07 of 3rd period - Evgeny Kuznetsov wins face-off versus Josh Archibald in KELOWNA ROCKETS zone.
7:07 of 3rd period - Alexander Ovechkin is hit by John Hayden and loses puck.
7:13 of 3rd period - Minor Penalty to Marcus Pettersson for Roughing.
7:14 of 3rd period - Anthony Cirelli wins face-off versus Mark Jankowski in KELOWNA ROCKETS zone.
7:45 of 3rd period - Shot by Tyler Ennis.
7:45 of 3rd period - Stopped by Tuukka Rask without a rebound.
7:46 of 3rd period - Josh Archibald wins face-off versus Nick Bjugstad in KELOWNA ROCKETS zone.
8:05 of 3rd period - Shot by Tyler Toffoli.
8:05 of 3rd period - Stopped by Tuukka Rask without a rebound.
8:06 of 3rd period - Mark Jankowski wins face-off versus Anthony Cirelli in KELOWNA ROCKETS zone.
8:19 of 3rd period - Shot by Markus Granlund.
8:19 of 3rd period - Shot Misses the Net.
8:58 of 3rd period - Shot by Tyler Toffoli.
8:58 of 3rd period - Stopped by Tuukka Rask with a rebound.
9:00 of 3rd period - Shot by Josh Archibald.
9:00 of 3rd period - Shot Blocked by Drew Doughty.
9:02 of 3rd period - Shot by Josh Archibald.
9:02 of 3rd period - Stopped by Tuukka Rask without a rebound.
9:03 of 3rd period - Anthony Cirelli wins face-off versus Josh Archibald in KELOWNA ROCKETS zone.
9:03 of 3rd period - Anthony Cirelli is hit by Josh Archibald.
9:10 of 3rd period - Icing by Miles Wood.
9:11 of 3rd period - Anthony Cirelli wins face-off versus Josh Archibald in BANFF WOLVES zone.
9:37 of 3rd period - Shot by Mark Letestu.
9:37 of 3rd period - Shot Blocked by Chris Tanev.
9:39 of 3rd period - Shot by Mark Letestu.
9:39 of 3rd period - Shot Misses the Net.
9:41 of 3rd period - Shot by Alex Biega.
9:41 of 3rd period - Shot Blocked by Vladimir Tarasenko.
9:43 of 3rd period - Shot by Jack Eichel.
9:43 of 3rd period - Stopped by Tuukka Rask without a rebound.
9:44 of 3rd period - Miles Wood wins face-off versus Anthony Cirelli in KELOWNA ROCKETS zone.
9:51 of 3rd period - Shot by Tyler Toffoli.
9:51 of 3rd period - Shot Misses the Net.
10:03 of 3rd period - Shot by Anthony Cirelli.
10:03 of 3rd period - Stopped by Pavel Francouz with a rebound.
10:34 of 3rd period - Icing by Nikita Zaitsev.
10:35 of 3rd period - Evgeny Kuznetsov wins face-off versus Max McCormick in BANFF WOLVES zone.
10:48 of 3rd period - Shot by Alexander Ovechkin.
10:48 of 3rd period - Stopped by Pavel Francouz without a rebound.
10:49 of 3rd period - Mark Jankowski wins face-off versus Nick Bjugstad in BANFF WOLVES zone.
11:06 of 3rd period - Shot by Jordan Eberle.
11:06 of 3rd period - Stopped by Pavel Francouz with a rebound.
11:30 of 3rd period - Nick Bjugstad is hit by Alex Biega and loses puck.
12:04 of 3rd period - Minor Penalty to Josh Teves for Tripping.
12:05 of 3rd period - Vladimir Tarasenko wins face-off versus Tyler Toffoli in BANFF WOLVES zone.
12:25 of 3rd period - Icing by James van Riemsdyk.
12:26 of 3rd period - Markus Granlund wins face-off versus Evgeny Kuznetsov in KELOWNA ROCKETS zone.
12:41 of 3rd period - Shot by Vladimir Tarasenko.
12:41 of 3rd period - Goal by Vladimir Tarasenko - KELOWNA ROCKETS : 4 - BANFF WOLVES : 5.
12:42 of 3rd period - Nick Bjugstad wins face-off versus Mark Letestu in neutral zone.
13:51 of 3rd period - Shot by Miles Wood.
13:51 of 3rd period - Stopped by Tuukka Rask without a rebound.
13:52 of 3rd period - Josh Archibald wins face-off versus Anthony Cirelli in KELOWNA ROCKETS zone.
13:55 of 3rd period - Shot by Tyler Ennis.
13:55 of 3rd period - Stopped by Tuukka Rask without a rebound.
13:56 of 3rd period - Anthony Cirelli wins face-off versus Josh Archibald in KELOWNA ROCKETS zone.
13:56 of 3rd period - Anthony Cirelli is hit by John Hayden.
14:16 of 3rd period - Shot by Josh Archibald.
14:16 of 3rd period - Shot Misses the Net.
14:47 of 3rd period - Shot by Markus Granlund.
14:47 of 3rd period - Stopped by Tuukka Rask with a rebound.
14:49 of 3rd period - Shot by Craig Smith.
14:49 of 3rd period - Shot Misses the Net.
14:51 of 3rd period - Shot by Craig Smith.
14:51 of 3rd period - Stopped by Tuukka Rask without a rebound.
14:52 of 3rd period - Max McCormick wins face-off versus Evgeny Kuznetsov in KELOWNA ROCKETS zone.
15:15 of 3rd period - Shot by Vladimir Tarasenko.
15:15 of 3rd period - Stopped by Pavel Francouz without a rebound.
15:16 of 3rd period - Nick Bjugstad wins face-off versus Mark Jankowski in BANFF WOLVES zone.
15:36 of 3rd period - Shot by Pavel Buchnevich.
15:36 of 3rd period - Shot Misses the Net.
15:48 of 3rd period - Shot by Jordan Eberle.
15:48 of 3rd period - Shot Misses the Net.
15:50 of 3rd period - Shot by Pavel Buchnevich.
15:50 of 3rd period - Deflect By Jordan Eberle.
15:50 of 3rd period - Stopped by Pavel Francouz without a rebound.
15:51 of 3rd period - Evgeny Kuznetsov wins face-off versus Josh Archibald in BANFF WOLVES zone.
16:01 of 3rd period - John Hayden is hit by Vladimir Tarasenko and loses puck.
16:09 of 3rd period - Off-side.
16:10 of 3rd period - Anthony Cirelli wins face-off versus Max McCormick in neutral zone.
16:26 of 3rd period - Shot by James van Riemsdyk.
16:26 of 3rd period - Shot Blocked by Miro Heiskanen.
16:28 of 3rd period - Shot by Anthony Cirelli.
16:28 of 3rd period - Stopped by Pavel Francouz without a rebound.
16:29 of 3rd period - Evgeny Kuznetsov wins face-off versus Josh Archibald in BANFF WOLVES zone.
16:29 of 3rd period - Evgeny Kuznetsov is hit by Nikita Zaitsev.
16:31 of 3rd period - Shot by Alexander Ovechkin.
16:31 of 3rd period - Shot Misses the Net.
16:33 of 3rd period - Shot by Vladimir Tarasenko.
16:33 of 3rd period - Deflect By Alexander Ovechkin.
16:33 of 3rd period - Shot Misses the Net.
16:34 of 3rd period - Minor Penalty to Riley Stillman for Tripping.
16:35 of 3rd period - Markus Granlund wins face-off versus Evgeny Kuznetsov in BANFF WOLVES zone.
16:48 of 3rd period - Shot by Evgeny Kuznetsov.
16:48 of 3rd period - Stopped by Pavel Francouz with a rebound.
17:43 of 3rd period - Shot by Tyler Bertuzzi.
17:43 of 3rd period - Stopped by Pavel Francouz with a rebound.
17:45 of 3rd period - Shot by Nikita Zadorov.
17:45 of 3rd period - Stopped by Pavel Francouz without a rebound.
17:46 of 3rd period - Markus Granlund wins face-off versus Nick Bjugstad in BANFF WOLVES zone.
18:01 of 3rd period - KELOWNA ROCKETS, Tuukka Rask is pulled from the net.
18:07 of 3rd period - Shot by Nick Bjugstad.
18:07 of 3rd period - Deflect By Tyler Bertuzzi.
18:07 of 3rd period - Shot Blocked by Taylor Fedun.
18:09 of 3rd period - Shot by Tyler Bertuzzi.
18:09 of 3rd period - Goal by Tyler Bertuzzi - KELOWNA ROCKETS : 5 - BANFF WOLVES : 5.
18:09 of 3rd period - Tuukka Rask from KELOWNA ROCKETS was sent back in the game.
18:10 of 3rd period - Mark Letestu wins face-off versus Colby Cave in neutral zone.
19:09 of 3rd period - Minor Penalty to Dmitri Orlov for High sticking.
19:10 of 3rd period - Anthony Cirelli wins face-off versus Josh Archibald in KELOWNA ROCKETS zone.
19:10 of 3rd period - Anthony Cirelli is hit by Miles Wood.
19:45 of 3rd period - Shot by Miles Wood.
19:45 of 3rd period - Shot Blocked by Drew Doughty.
19:47 of 3rd period - Shot by Josh Archibald.
19:47 of 3rd period - Deflect By Tyler Toffoli.
19:47 of 3rd period - Stopped by Tuukka Rask with a rebound.
19:49 of 3rd period - Shot by Josh Archibald.
19:49 of 3rd period - Shot Misses the Net.
Goals for this period are 4 for KELOWNA ROCKETS vs 1 for BANFF WOLVES.
Shots for this period are 21 for KELOWNA ROCKETS vs 14 for BANFF WOLVES.

Overtime #1


0:01 of 1st overtime period - Anthony Cirelli wins face-off versus Markus Granlund in neutral zone.
0:38 of 1st overtime period - Shot by Josh Archibald.
0:38 of 1st overtime period - Stopped by Tuukka Rask without a rebound.
0:39 of 1st overtime period - Tyler Toffoli wins face-off versus Anthony Cirelli in KELOWNA ROCKETS zone.
1:22 of 1st overtime period - Shot by Mark Jankowski.
1:22 of 1st overtime period - Stopped by Tuukka Rask without a rebound.
1:23 of 1st overtime period - Evgeny Kuznetsov wins face-off versus Mark Jankowski in KELOWNA ROCKETS zone.
1:42 of 1st overtime period - Shot by Vladimir Tarasenko.
1:42 of 1st overtime period - Stopped by Pavel Francouz with a rebound.
1:48 of 1st overtime period - Shot by Vladimir Tarasenko.
1:48 of 1st overtime period - Shot Misses the Net.
1:50 of 1st overtime period - Shot by Evgeny Kuznetsov.
1:50 of 1st overtime period - Stopped by Pavel Francouz without a rebound.
1:51 of 1st overtime period - Anthony Cirelli wins face-off versus Tyler Toffoli in BANFF WOLVES zone.
1:56 of 1st overtime period - Shot by Anthony Cirelli.
1:56 of 1st overtime period - Shot Misses the Net.
2:26 of 1st overtime period - Shot by Anthony Cirelli.
2:26 of 1st overtime period - Stopped by Pavel Francouz without a rebound.
2:27 of 1st overtime period - Mark Jankowski wins face-off versus Vladimir Tarasenko in BANFF WOLVES zone.
2:42 of 1st overtime period - Shot by Craig Smith.
2:42 of 1st overtime period - Shot Blocked by Drew Doughty.
3:00 of 1st overtime period - Shot by Alexander Ovechkin.
3:00 of 1st overtime period - Deflect By Vladimir Tarasenko.
3:00 of 1st overtime period - Stopped by Pavel Francouz without a rebound.
3:01 of 1st overtime period - Anthony Cirelli wins face-off versus Markus Granlund in BANFF WOLVES zone.
3:04 of 1st overtime period - Shot by Anthony Cirelli.
3:04 of 1st overtime period - Stopped by Pavel Francouz without a rebound.
3:05 of 1st overtime period - Evgeny Kuznetsov wins face-off versus Craig Smith in BANFF WOLVES zone.
3:06 of 1st overtime period - Shot by Vladimir Tarasenko.
3:06 of 1st overtime period - Deflect By Evgeny Kuznetsov.
3:06 of 1st overtime period - Stopped by Pavel Francouz without a rebound.
3:07 of 1st overtime period - Evgeny Kuznetsov wins face-off versus Mark Jankowski in BANFF WOLVES zone.
3:20 of 1st overtime period - Shot by Vladimir Tarasenko.
3:20 of 1st overtime period - Shot Misses the Net.
3:46 of 1st overtime period - Icing by Drew Doughty.
3:47 of 1st overtime period - Tyler Toffoli wins face-off versus Evgeny Kuznetsov in KELOWNA ROCKETS zone.
4:25 of 1st overtime period - Shot by Tyler Toffoli.
4:25 of 1st overtime period - Stopped by Tuukka Rask with a rebound.
Goals for this period are 0 for KELOWNA ROCKETS vs 0 for BANFF WOLVES.
Shots for this period are 6 for KELOWNA ROCKETS vs 3 for BANFF WOLVES.

ShootOut


5:00 of 1st overtime period - Round #1.
5:00 of 1st overtime period - KELOWNA ROCKETS, Vladimir Tarasenko.
5:00 of 1st overtime period - Shot Misses the Net.
5:00 of 1st overtime period - BANFF WOLVES, Mark Jankowski.
5:00 of 1st overtime period - Stopped by Tuukka Rask.
5:00 of 1st overtime period - Round #2.
5:00 of 1st overtime period - KELOWNA ROCKETS, Alexander Ovechkin.
5:00 of 1st overtime period - Stopped by Pavel Francouz.
5:00 of 1st overtime period - BANFF WOLVES, Max McCormick.
5:00 of 1st overtime period - Stopped by Tuukka Rask.
5:00 of 1st overtime period - Round #3.
5:00 of 1st overtime period - KELOWNA ROCKETS, Evgeny Kuznetsov.
5:00 of 1st overtime period - Goal by Evgeny Kuznetsov.
5:00 of 1st overtime period - BANFF WOLVES, Tyler Toffoli.
5:00 of 1st overtime period - Shot Misses the Net.


NATHAN
MACKINNON
PHILLIP
DANAULT
CONNOR
MCDAVID

EAST COAST

HOCKEY LEAGUE

  • 25.QUE4CHI5
  • 26.CHA2LIM3
  • 27.TRV2LON3
  • 28.CHW4BAL2
  • 29.PITMAN
  • 30.ATLNHW
  • 31.WORPET
  • 32.RHI